 Dungeon Crawl Stone Soup version 0.17-a0-1840-g87820a2 (webtiles) character file.

3579 slowcore the Grappler (level 9, -5/88 HPs)
             Began as a Troll Monk on Sept 16, 2015.
             Was a Priest of Cheibriados.
             Slain by an orc warrior
             ... wielding a +0 glaive
              (16 damage)
             ... on level 9 of the Dungeon.
             The game lasted 00:13:53 (6147 turns).

slowcore the Grappler (Troll Monk)                  Turns: 6147, Time: 00:13:53

Health: -5/88      AC:  6    Str: 27    XL:     9   Next: 84%
Magic:  8/8        EV: 13    Int: 12    God:    Cheibriados [***...]
Gold:   459        SH:  0    Dex: 21    Spells: 1 memorised, 3 levels left

rFire  . . .     SeeInvis .       - Unarmed
rCold  . . .     Clarity  .     a - +0 robe
rNeg   . . .     SustAt   .     (no shield)
rPois  .         Gourm    +     (helmet restricted)
rElec  .         Spirit   .     D - +0 cloak
rCorr  .         Warding  .     (gloves unavailable)
rMut   .         Stasis   .     (boots unavailable)
MR     .....                    (no amulet)
Stlth  ++........               (no ring)
                                (no ring)

@: lethally poisoned (-5 -> -5), about to teleport, very slow, not resistant to
hostile enchantments, unstealthy
A: unfitting armour, claws 3, fast metabolism 3, gourmand, regeneration 2,
shaggy fur 1, tough skin 2
a: Bend Time, Temporal Distortion, Renounce Religion


You were on level 9 of the Dungeon.
You worshipped Cheibriados.
Cheibriados was most pleased with you.
You were very full.

You visited 2 branches of the dungeon, and saw 10 of its levels.
You also visited: Sewer.

You collected 459 gold pieces.

Inventory:

Hand weapons
 z - the +9 Staff of Wucad Mu {channel}
   (You found it on level 5 of the Dungeon)
Armour
 a - a +0 robe (worn)
 D - a +0 cloak (worn)
Jewellery
 s - an uncursed ring of flight
 t - an uncursed ring of ice
 M - an uncursed amulet of stasis
Magical devices
 B - a wand of paralysis (10)
 C - a wand of magic darts (28)
 H - a wand of digging (18)
Scrolls
 c - 2 scrolls of fog {unknown}
 d - 3 scrolls of amnesia
 g - a scroll of immolation {unknown}
 h - a scroll of random uselessness {unknown}
 i - 2 scrolls of remove curse
 m - 2 scrolls of enchant weapon {unknown}
 r - 2 scrolls of recharging
 v - 2 scrolls of blinking {unknown}
 x - 2 scrolls of noise {unknown}
 y - 4 scrolls of identify
 E - 2 scrolls of magic mapping {unknown}
 F - 3 scrolls of silence {unknown}
 G - 2 scrolls of fear {unknown}
Potions
 e - a potion of degeneration
 n - 2 potions of berserk rage {unknown}
 p - 2 potions of invisibility
 u - a potion of might {unknown}
 w - 3 potions of flight {unknown}
 A - 4 potions of haste {unknown}
 I - 2 potions of poison {unknown}
 K - 3 potions of resistance {unknown}
Books
 k - a Necronomicon

   Spells                             Type                      Level
   a - Haunt                          Necromancy/Summoning         7
   b - Borgnjor's Revivification      Necromancy                   8
   c - Death's Door                   Charms/Necromancy            8
   d - Necromutation                  Transmutation/Necromancy     8
 l - a book of Changes

   Spells                             Type                      Level
   a - Beastly Appendage              Transmutation                1
   b - Sticks to Snakes               Transmutation                2
   c - Spider Form                    Transmutation/Poison         3
   d - Ice Form                       Ice/Transmutation            4
   e - Blade Hands                    Transmutation                5
 N - a book of Death

   Spells                             Type                      Level
   a - Corpse Rot                     Necromancy                   2
   b - Sublimation of Blood           Necromancy                   2
   c - Agony                          Necromancy                   5
   d - Dispel Undead                  Necromancy                   5
   e - Excruciating Wounds            Charms/Necromancy            5
   f - Bolt of Draining               Conjuration/Necromancy       5
Comestibles
 b - 7 bread rations
 j - 2 beef jerkies
 o - 4 meat rations
 q - a royal jelly
 L - 4 fruits


   Skills:
 - Level 5.4 Fighting
 + Level 4.3 Dodging
 - Level 1.1 Stealth
 * Level 12.4 Unarmed Combat
 + Level 0.8 Invocations


You had 3 spell levels left.
You knew the following spells:

 Your Spells              Type           Power        Failure   Level  Hunger
a - Blade Hands           Trmt           #.........   100%        5    ######.


Dungeon Overview and Level Annotations

Branches:
Dungeon (9/15)             Temple (1/1) D:7
   Lair: D:8-11         Orc: D:9-12

Altars:
Ashenzari
Cheibriados
Dithmenos
Elyvilon
Fedhas
Gozag
Kikubaaqudgha
Makhleb
Nemelex Xobeh
Okawaru
Qazlal
Ru
Sif Muna
Trog
Vehumet
Xom
Zin
The Shining One

Shops:
D:6 [


Innate Abilities, Weirdness & Mutations

You are too large for most types of armour.
You have claws for hands.
Your metabolism is lightning-fast.
You like to eat raw meat.
You heal very quickly.
You are covered in fur (AC +1).
You have very tough skin (AC +2).


Message History

A killer bee comes into view.
Read which item? (? for menu, Esc to quit)
As you read the scroll of teleportation, it crumbles to dust.
You feel strangely unstable.
The killer bee buzzes angrily. x2
The killer bee barely misses you. The orc warrior completely misses you.
The killer bee stings you.
You are poisoned.
The killer bee poisons you! The orc hits you with a mace!
* * * LOW HITPOINT WARNING * * *
The killer bee closely misses you. The killer bee barely misses you.
You feel sick. The orc warrior barely misses you. The killer bee stings you.
* * * LOW HITPOINT WARNING * * *
You are more poisoned.
The killer bee poisons you! The orc hits you with a mace.
* * * LOW HITPOINT WARNING * * *
The orc wizard misses you.
The killer bee stings you but does no damage.
The orc warrior hits you from afar with a glaive!
You die...

.....####### #.....
.....# #.... ....#####
#...####.........
#...#...#........
##...#...†........
##........#........
##.@....#.##.......#
##yyoo..............#
##...yo..............#
#..$..................
#......................
#...#................zz.
#...###......###.........
.... #......## #..... ...
........# ....


You could see an orc warrior, 3 killer bees, an orc wizard and an orc.

Vanquished Creatures
  The ghost of slowcore the Grappler, an experienced TrMo of Cheibriados (D:6)
  A wyvern (D:8)
  A hippogriff (D:9)
  2 ice beasts
  Duvessa (D:5)
  A sky beast (D:6)
  5 ogres
  An orc warrior (D:8)
  A black bear (D:5)
  A phantom (D:7)
  2 centaurs
  A crocodile (Sewer)
  2 giant frogs
  Dowan (D:5)
  A killer bee (D:9)
  A gnoll sergeant (D:8)
  2 scorpions
  3 wights (D:6)
  2 orc priests
  A crimson imp (D:6)
  A jelly (D:8)
  A centaur skeleton (D:8)
  A giant frog skeleton (D:6)
  Crazy Yiuf (D:5)
  3 iguanas
  5 orc wizards
  4 hounds
  5 worker ants
  9 adders
  10 gnolls
  4 adder skeletons (D:4)
  2 worms
  A giant gecko (D:6)
  15 orcs
  4 hobgoblins
  2 jackals (Sewer)
  8 kobolds
  3 quokkas
  5 bats
  4 giant cockroaches
  3 giant newts
  5 goblins
  7 rats
134 creatures vanquished.

Notes
Turn   | Place    | Note
--------------------------------------------------------------
     0 | D:1      | slowcore the Troll Monk began the quest for the Orb.
     0 | D:1      | Reached XP level 1. HP: 22/22 MP: 0/0
   281 | D:1      | Reached XP level 2. HP: 27/29 MP: 1/1
  1017 | D:2      | Found a sacrificial altar of Ru.
  1029 | D:2      | Found a stormy altar of Qazlal.
  1146 | D:2      | Reached skill level 5 in Unarmed Combat
  1146 | D:2      | Reached XP level 3. HP: 26/36 MP: 2/2
  1179 | D:2      | Found a shadowy altar of Dithmenos.
  1289 | D:2      | Found a faded altar to an unknown god.
  1616 | D:3      | Reached XP level 4. HP: 39/44 MP: 3/3
  1631 | D:3      | Reached skill level 6 in Unarmed Combat
  1946 | D:3      | Reached XP level 5. HP: 50/50 MP: 4/4
  2126 | D:4      | Noticed an ogre
  2131 | D:4      | Killed an ogre
  2131 | D:4      | Reached skill level 7 in Unarmed Combat
  2235 | D:4      | Reached XP level 6. HP: 59/59 MP: 5/5
  2322 | D:4      | Found an iron altar of Okawaru.
  2367 | D:4      | Found a blossoming altar of Fedhas.
  2427 | D:4      | Found a glowing drain.
  2442 | Sewer    | Entered a sewer
  2449 | Sewer    | Learned a level 5 spell: Blade Hands
  2979 | D:4      | Reached skill level 8 in Unarmed Combat
  3045 | D:5      | Entered Level 5 of the Dungeon
  3048 | D:5      | Noticed Duvessa
  3049 | D:5      | Noticed Dowan
  3060 | D:5      | Killed Duvessa
  3060 | D:5      | Reached XP level 7. HP: 58/67 MP: 6/6
  3069 | D:5      | Killed Dowan
  3372 | D:5      | Reached skill level 9 in Unarmed Combat
  3484 | D:5      | Found a shattered altar of Ashenzari.
  3580 | D:5      | Reached XP level 8. HP: 43/78 MP: 7/7
  3853 | D:5      | Noticed Crazy Yiuf
  3860 | D:5      | Killed Crazy Yiuf
  3978 | D:6      | Noticed slowcore's ghost (experienced TrMo)
  3991 | D:6      | Killed slowcore's ghost
  3991 | D:6      | Reached skill level 10 in Unarmed Combat
  3992 | D:6      | HP: 3/79 [giant gecko (5)]
  3994 | D:6      | Reached skill level 5 in Fighting
  4374 | D:6      | Found Izxibeesi's Armour Shoppe.
  4457 | D:6      | Reached XP level 9. HP: 71/88 MP: 8/8
  4508 | D:6      | Reached skill level 11 in Unarmed Combat
  4773 | D:7      | Found a staircase to the Ecumenical Temple.
  4789 | Temple   | Entered the Ecumenical Temple
  4995 | Temple   | Became a worshipper of Cheibriados the Contemplative
  4995 | Temple   | Acquired Cheibriados's first power
  5703 | D:8      | Reached skill level 12 in Unarmed Combat
  5972 | D:8      | Acquired Cheibriados's second power
  6147 | D:9      | Slain by an orc warrior

Vault maps used:
D:1:      kilobyte_arrival_exit_the_forest, serial_park_tiny_pond
D:2:      gammafunk_temple_overflow_statue, old_standard_altar,
          ecumenical_altar_2, item_on_display_a
D:4:      kennysheep_big_flooded_room, okawaru_trees_1, portal_sewer_entry_d,
          serial_bayou_pond_e, fedhas_altar_1
D:5:      ashenzari_altar_1, first_bread, uniq_duvessa, uniq_crazy_yiuf_cottage
D:6:      serial_shops, shop_fountains, minivault_19
D:7:      minmay_temple_entry_purple_smoke
D:9:      erik_lair_island, serial_column_ruins, column_ruins_hut_ruined,
          column_ruins_columns_corner, column_ruins_grid_1, column_ruins_grid_1,
          column_ruins_open_tiny, minmay_strange_pillars
Temple:   chambers_temple_14
Sewer:    sewer_the_crocodile

Action                   |  1- 3 |  4- 6 |  7- 9 || total
-------------------------+-------+-------+-------++-------
Melee: Unarmed           |    73 |   104 |   207 ||   384
Evoke: Wand              |       |       |     1 ||     1
  Use: Scroll            |       |     8 |     2 ||    10
       Potion            |       |     3 |     4 ||     7
 Stab: Sleeping          |     2 |       |     1 ||     3
       Paralysed         |       |       |     2 ||     2
  Eat: Chunk             |    15 |     4 |    32 ||    51
       Meat ration       |     1 |       |       ||     1
